 Dungeon Crawl Stone Soup version 0.28.0-53-g5a82cb258f (webtiles) character file.

Game seed: 17963032954330458637

902 firemarshallily the Digger (level 8, 0/41 HPs)
             Began as a Gargoyle Earth Elementalist on May 26, 2022.
             Was a Priest of Fedhas.
             Engulfed by a steam dragon's steam (3 damage)
             ... on level 6 of the Dungeon.
             The game lasted 00:28:40 (4289 turns).

firemarshallily the Digger (GrEE)                   Turns: 4289, Time: 00:28:41

Health: 0/41       AC:  7    Str: 12    XL:     8   Next: 7%
Magic:  15/15      EV: 16    Int: 18    God:    Fedhas [***...]
Gold:   191        SH:  0    Dex: 10    Spells: 10/17 levels left

rFire   . . .      SeeInvis .   d - +2 dagger (elec)
rCold   . . .      Faith    .   (no shield)
rNeg    + . .      Spirit   .   b - +0 robe
rPois   ∞          Reflect  .   (no helmet)
rElec   +          Harm     .   (no cloak)
rCorr   +          Rampage  .   (no gloves)
Will    .....                   (no boots)
Stlth   ++........              g - amulet of regeneration
HPRegen 0.93/turn               e - ring of resist corrosion
MPRegen 0.14/turn               p - +4 ring of evasion

@: marked
A: sickness immunity, AC +5, negative energy resistance 1, electricity
resistance, torment resistance 1, petrification resistance
a: Renounce Religion, Wall of Briars, Grow Ballistomycete


You were on level 6 of the Dungeon.
You worshipped Fedhas.
Fedhas was most pleased with you.
You visited 1 branch of the dungeon, and saw 6 of its levels.

You collected 191 gold pieces.

Inventory:

Hand Weapons
 d - a +2 dagger of electrocution (weapon)
 k - a +2 dagger of freezing
Missiles
 c - 55 stones
 j - 6 atropa-tipped darts
 n - 6 boomerangs (quivered)
 r - 3 throwing nets
 u - 3 boomerangs of dispersal
Armour
 b - a +0 robe (worn)
 f - a +0 leather armour
Magical Staves
 a - a staff of poison
 h - a staff of air
Jewellery
 e - a ring of resist corrosion (left hand)
 g - an amulet of regeneration (around neck)
 p - a +4 ring of evasion (right hand)
Wands
 w - a wand of polymorph (6)
Scrolls
 i - a scroll of enchant armour
 q - a scroll of teleportation
 v - 2 scrolls of identify
Potions
 l - a potion of attraction {unknown}
 m - a potion of lignification {unknown}
 o - 2 potions of invisibility
 s - a potion of might {unknown}
 t - 3 potions of haste {unknown}
 x - a potion of ambrosia {unknown}


   Skills:
 - Level 2.0 Dodging
 - Level 2.1 Stealth
 * Level 5.1 Spellcasting
 + Level 3.4 Conjurations
 - Level 1.0 Transmutations
 * Level 7.1 Earth Magic
 + Level 3.3 Invocations


You had 10 spell levels left.
You knew the following spells:

 Your Spells              Type           Power      Damage    Failure   Level
a - Sandblast             Erth           60%        2d14      1%          1
b - Stone Arrow           Conj/Erth      46%        3d9       4%          3
c - Passwall              Tmut/Erth      15%        N/A       3%          2
d - Animate Skeleton      Necr           8%         N/A       13%         1

Your spell library contained the following spells:

 Spells                   Type           Power      Damage    Failure   Level
 Foxfire                  Conj/Fire      40%        2x1d6     6%          1
 Pain                     Necr           16%        1d4       13%         1
 Wereblood                Tmut           8%         N/A       13%         2
 Dazzling Flash           Conj/Hex       20%        N/A       19%         3
 Petrify                  Tmut/Erth      19%        N/A       24%         4
 Vampiric Draining        Necr           4%         2d6       36%         3
 Summon Hydra             Summ           2%         N/A       100%        7
 Fire Storm               Conj/Fire      5%         8d1       100%        9
 Sublimation of Blood     Necr           Unusable   N/A       N/A         2

Dungeon Overview and Level Annotations

Branches:
Dungeon (6/15)
 Temple: D:4-7

Altars:
Fedhas
Vehumet
The Shining One

Annotations:
D:4 Eustachio


Innate Abilities, Weirdness & Mutations

You are immune to sickness and miasma.
Your stone body is resilient. (AC +5)
You are immune to poison.
You resist negative energy. (rN+)
You are resistant to electric shocks. (rElec)
You are resistant to unholy torment.
You are immune to petrification.


Message History

Press: ? - help, Shift-Dir - straight line, f/p - hornet zombie
Aim: a hornet zombie (almost destroyed, 83% to hit)
The blast of sand hits the hornet zombie.
The hornet zombie is almost destroyed.
c - 56 stones The hornet zombie hits you.
Casting: Sandblast (safe; 1% risk of failure)
Confirm with . or Enter, or press ? or * to list all spells.
Aiming: Sandblast (safe; 1% risk of failure)
Press: ? - help, Shift-Dir - straight line, f/p - hornet zombie
Aim: a hornet zombie (almost destroyed, 83% to hit)
The blast of sand hits the hornet zombie!
You destroy the hornet zombie!
Fedhas accepts your kill.
c - 55 stones Your Spellcasting skill increases to level 5!
Your Earth Magic skill increases to level 7!
You have reached level 8!
You feel stronger.
You start resting.
HP restored.
You start resting.
Magic restored.
Found 13 gold pieces.
x - a smoky black potion The steam dragon hisses angrily.
The steam dragon breathes steam at you. The ball of steam hits you!!
You are engulfed in a cloud of scalding steam.
The steam dragon sets off the alarm!
The alarm trap emits a blaring wail!
A sentinel's mark forms upon you.
You hear a shout! x6; You hear a loud, deep croak!
An orc comes into view. It is wielding a +0 short sword.
The steam dragon breathes steam at you. The ball of steam hits you!!
* * * LOW HITPOINT WARNING * * *
You are engulfed in a cloud of scalding steam.
You die...
Fedhas appreciates your contribution to the ecosystem.

#.# ### ########.##
...##.........#
...........#..# .#
...........#..######.#
.......5...'....§.....
...........#...§......
##.........#..§.......
...........#@§........
.......#####§§........
..........§§§§......#+
..........D#§.........
#.....................
#.....................
#.§...............#...
......>............o..
......$.......#+#.#+..


There were no monsters in sight!

Vanquished Creatures
  An ice beast (D:5)
  A hornet zombie (D:6)
  A centaur (D:5)
  A water moccasin skeleton (D:5)
  2 jellies
  2 hounds
  3 orc priests (D:5)
  2 iguanas (D:5)
  A scorpion zombie (D:5)
  Natasha (D:3)
  An orc wizard (D:5)
  Robin (D:4)
  A howler monkey skeleton (D:5)
  7 adders
  7 gnolls
  A shadow imp (D:5)
  A white imp (D:6)
  An adder zombie (D:5)
  3 dart slugs
  9 orcs
  5 ball pythons
  2 bats
  4 endoplasms
  2 giant cockroaches
  12 goblins
  6 hobgoblins
  3 jackals (D:3)
  2 quokkas (D:3)
  5 kobolds
  5 rats
93 creatures vanquished.

Vanquished Creatures (collateral kills)
  3 goblins
3 creatures vanquished.

Grand Total: 96 creatures vanquished

Notes
Turn   | Place    | Note
-------+----------+-------------------------------------------
     0 | D:1      | firemarshallily the Gargoyle Earth Elementalist began the
                  | quest for the Orb.
     0 | D:1      | Reached XP level 1. HP: 10/10 MP: 3/3
   325 | D:1      | Reached XP level 2. HP: 13/15 MP: 3/5
   582 | D:1      | Found a faded altar of an unknown god.
   591 | D:1      | Prayed at the altar of an unknown god.
   591 | D:1      | Became a worshipper of Fedhas Madash
   591 | D:1      | Reached * piety under Fedhas
   624 | D:1      | Reached skill level 1 in Transmutations
   962 | D:2      | Reached skill level 4 in Earth Magic
   962 | D:2      | Reached XP level 3. HP: 16/19 MP: 4/6
  1332 | D:2      | Reached skill level 1 in Conjurations
  1340 | D:2      | Learned a level 3 spell: Stone Arrow
  1343 | D:2      | Learned a level 2 spell: Passwall
  1345 | D:2      | Learned a level 1 spell: Animate Skeleton
  1600 | D:2      | Reached XP level 4. HP: 24/24 MP: 5/8
  1613 | D:2      | Reached skill level 1 in Invocations
  1796 | D:2      | Reached ** piety under Fedhas
  2013 | D:3      | Reached XP level 5. HP: 28/28 MP: 6/9
  2221 | D:3      | Reached skill level 5 in Earth Magic
  2633 | D:3      | Noticed Natasha
  2643 | D:3      | Killed Natasha
  2644 | D:3      | Reached XP level 6. HP: 32/32 MP: 4/11
  2789 | D:4      | Noticed Robin
  2807 | D:4      | Killed Robin
  2940 | D:4      | Found a glowing golden altar of the Shining One.
  2994 | D:4      | Reached *** piety under Fedhas
  3003 | D:4      | Noticed a two-headed ogre
  3005 | D:4      | Noticed Eustachio
  3037 | D:5      | Entered Level 5 of the Dungeon
  3176 | D:5      | Got Samn's Disquisition on Combat Magic
  3180 | D:5      | Found a radiant altar of Vehumet.
  3325 | D:5      | Reached skill level 6 in Earth Magic
  3325 | D:5      | Reached XP level 7. HP: 36/36 MP: 6/13
  3866 | D:5      | Found a blossoming altar of Fedhas.
  4171 | D:6      | Noticed a steam dragon
  4211 | D:6      | Reached skill level 5 in Spellcasting
  4211 | D:6      | Reached skill level 7 in Earth Magic
  4211 | D:6      | Reached XP level 8. HP: 38/41 MP: 6/15
  4289 | D:6      | Engulfed by a steam dragon's steam

Illustrated notes

Levels and vault maps discovered:
D:1:      erik_arrival_orb_chamber, layout_basic,
          shapermc_ecumenical_altar_flowoftime
D:2:      layout_basic
D:3:      layout_basic, uniq_natasha
D:4:      layout_rooms, nicolae_tso_carved_into_rock, uniq_robin,
          uniq_crazy_yiuf_cottage, uniq_eustachio
D:5:      layout_basic, mainiacjoe_overflow_cross_hatched, vehumet_crystals
D:6:      layout_basic, eat_drink_and_be_merry_uskayaw,
          lemuel_zombie_altar_kikubaaqudgha, trog_wizard

Skill      XL: |  1  2  3  4  5  6  7 |
---------------+----------------------+-----
Transmutations | 1 |  1.0
Earth Magic    | 4 5 6 7 |  7.1
Conjurations   | 1 2 3 |  3.4
Dodging        | 2 |  2.0
Invocations    | 1 2 3 |  3.3
Spellcasting   | 3 4 5 |  5.1
Stealth        | |  2.1

Action                   |  1- 3 |  4- 6 |  7- 9 || total
-------------------------+-------+-------+-------++-------
Melee: Dagger            |    25 |    63 |    52 ||   140
       Punch             |       |       |     1 ||     1
Throw: Boomerang         |       |       |     1 ||     1
 Cast: Sandblast         |    26 |    72 |    37 ||   135
       Animate Skeleton  |     1 |    16 |     6 ||    23
       Stone Arrow       |       |     1 |     5 ||     6
  Use: Scroll            |     1 |     5 |       ||     6
 Stab: Sleeping          |     1 |       |     1 ||     2
Armor: Robe              |     9 |    20 |    14 ||    43
Dodge: Dodged            |    12 |    55 |    38 ||   105
